 Dungeon Crawl Stone Soup version 0.17.1-1-g73c8601 (webtiles) character file.

348 JustSomeDude the Insei (level 6, -2/57 HPs)
             Began as a Naga Monk on Jan 2, 2016.
             Slain by a gnoll
             ... wielding a +0 flail
              (6 damage)
             ... on level 4 of the Dungeon.
             The game lasted 00:09:58 (3638 turns).

JustSomeDude the Insei (Naga Monk)                  Turns: 3638, Time: 00:09:58

Health: -2/57      AC:  7    Str: 14      XL:     6   Next: 60%
Magic:  6/6        EV:  5    Int: 11      God:
Gold:   146        SH:  0    Dex: 11 (14) Spells: 0 memorised, 5 levels left

rFire  . . .     SeeInvis +       - Unarmed
rCold  . . .     Clarity  .     j - +0 chain mail
rNeg   . . .     SustAt   .     (no shield)
rPois  +         Gourm    .     (no helmet)
rElec  .         Spirit   .     g - +0 cloak
rCorr  .         Warding  .     (no gloves)
rMut   .         Stasis   .     (no barding)
MR     .....                    (no amulet)
Stlth  ..........               (no ring)
                                (no ring)

@: flying, very slow, not resistant to hostile enchantments, extremely
unstealthy
A: see invisible, deformed body, poison resistance, slowness 2, slow metabolism
1, spit poison 2, AC +2
a: Spit Poison


You were on level 4 of the Dungeon.
You were hungry.

You visited 1 branch of the dungeon, and saw 4 of its levels.

You collected 146 gold pieces.

Inventory:

Armour
 g - a +0 cloak (worn)
 j - a +0 chain mail (worn)
Jewellery
 t - an uncursed ring of ice {unknown}
Scrolls
 a - 2 scrolls of fog {unknown}
 d - 2 scrolls of magic mapping {unknown}
 e - a scroll of identify {unknown}
 f - a scroll of amnesia {unknown}
 k - 3 scrolls of recharging {unknown}
 l - a scroll of remove curse {unknown}
 n - a scroll of enchant weapon {unknown}
 o - a scroll of immolation {unknown}
 p - a scroll of random uselessness {unknown}
 r - a scroll of teleportation {unknown}
Books
 m - a book of Callings

   Spells                             Type                      Level
   a - Summon Small Mammal            Summoning                    1
   b - Call Imp                       Summoning                    2
   c - Call Canine Familiar           Summoning                    3
   d - Summon Guardian Golem          Hexes/Summoning              3
   e - Summon Lightning Spire         Summoning/Air                4
   f - Summon Ice Beast               Ice/Summoning                4
Comestibles
 b - 3 bread rations
 i - a meat ration
 q - 2 beef jerkies


   Skills:
 + Level 4.0 Fighting
 + Level 2.1 Armour
 + Level 3.3 Dodging
 + Level 5.0 Stealth
 + Level 5.3 Unarmed Combat


You had 5 spell levels left.
You didn't know any spells.

Dungeon Overview and Level Annotations

Branches:
Dungeon (4/15)
 Temple: D:4-7

Altars:
Ashenzari
Yredelemnul


Innate Abilities, Weirdness & Mutations

You cannot wear boots.
Your serpentine skin is tough (AC +2).
You have supernaturally acute eyesight.
Armour fits poorly on your strangely shaped body.
Your system is resistant to poisons.
You cover ground very slowly.
You have a slow metabolism.
You can spit poison.


Message History

* * * LOW HITPOINT WARNING * * *
Drink which item? (? for menu, Esc to quit)
It was a potion of degeneration.
There was something very wrong with that liquid.
You feel clumsy.
The gnoll hits you from afar with a spear.
* * * LOW HITPOINT WARNING * * *
The gnoll hits you with a flail.
* * * LOW HITPOINT WARNING * * *
Drink which item? (? for menu, Esc to quit)
It was a potion of flight.
You feel very buoyant.
You fly up into the air.
The gnoll hits you from afar with a spear.
* * * LOW HITPOINT WARNING * * *
The gnoll closely misses you. x2
Things that are here:
a whip; an orc skeleton The gnoll hits you with a flail.
You die...

####### ##...# #...#
####..#.###..## #........##.##
#........##.# #........#..#
#........#.g# ######.......[#.g#
..............#)g#
..............#)@# ### #
.................####### #..##..
.......................##.......
.................รท..............
......#.####............<.......
......#.# #.#.........#.#####..
......#.. #..##.....#.#.#
########.# ##.##.##....#.# .#
#.#..##.#..#.#


You could see 3 gnolls.

Vanquished Creatures
  The ghost of bollicks1999 the Skirmisher, an amateur DrBe of Trog (D:3)
  A scorpion (D:4)
  An orc wizard (D:4)
  Robin (D:3)
  6 adders
  3 oozes (D:3)
  2 worms
  5 giant geckos
  5 orcs
  11 bats
  3 giant cockroaches (D:3)
  14 goblins
  13 hobgoblins
  3 jackals (D:2)
  8 kobolds
  A quokka (D:3)
  4 giant newts
  8 rats
90 creatures vanquished.

Notes
Turn   | Place    | Note
--------------------------------------------------------------
     0 | D:1      | JustSomeDude the Naga Monk began the quest for the Orb.
     0 | D:1      | Reached XP level 1. HP: 21/21 MP: 1/1
   398 | D:1      | Reached XP level 2. HP: 9/28 MP: 2/2
  1191 | D:2      | Reached XP level 3. HP: 9/34 MP: 3/3
  1977 | D:2      | Reached XP level 4. HP: 18/42 MP: 4/4
  2169 | D:2      | Reached skill level 1 in Armour
  2439 | D:3      | Noticed Robin
  2467 | D:3      | Killed Robin
  2703 | D:3      | Found a basalt altar of Yredelemnul.
  2718 | D:3      | Reached XP level 5. HP: 45/49 MP: 5/5
  2969 | D:3      | Noticed bollicks1999's ghost (amateur DrBe)
  2994 | D:3      | Killed bollicks1999's ghost
  2994 | D:3      | Reached skill level 5 in Stealth
  2994 | D:3      | Reached XP level 6. HP: 55/57 MP: 6/6
  2996 | D:3      | Reached skill level 5 in Unarmed Combat
  3311 | D:3      | Found a shattered altar of Ashenzari.
  3638 | D:4      | Slain by a gnoll

Action                   |  1- 3 |  4- 6 || total
-------------------------+-------+-------++-------
Melee: Unarmed           |   190 |   277 ||   467
  Use: Potion            |       |     9 ||     9
 Stab: Sleeping          |     6 |       ||     6
       Invisible         |       |    11 ||    11
  Eat: Chunk             |     2 |     4 ||     6
